Map: Frozen Temple

Players

nicoLeffe - Winner!

  • Race: Protoss Protoss
  • League: Gold

capac

  • Race: Terran Terran
  • League: Gold

VOD

Have the link to the VOD?

Description

Time

  • Played on: April 27, 2016, 3:50 p.m.
  • Length: 26:48
Show
View Real Time Build Order
Export as new Build Order

nicoLeffe Protoss - Winner!

Build Orders:  

Get SALT Encoding   

  12  0:01  Probe (Chrono Boost)  
  13  0:13  Probe (Chrono Boost)  
  14  0:20  Pylon  
  14  0:24  Probe (Chrono Boost)  
  15  0:38  Probe (Chrono Boost)  
  15  0:40  Forge  
  16  0:49  Probe (Chrono Boost)  
  17  0:55  Assimilator  
  17  0:59  Probe (Chrono Boost)  
  18  1:06  Gateway  
  18  1:10  Probe (Chrono Boost)  
  19  1:22  Pylon  
  19  1:23  Pylon  
  19  1:27  Probe (Chrono Boost)  
  20  1:37  Probe (Chrono Boost)  
  21  1:43  Photon Cannon  
  20  2:06  Pylon, Assimilator  
  20  2:10  Cybernetics Core  
  20  2:20  Gateway  
  20  2:21  Pylon  
  20  2:28  Probe (Chrono Boost)  
  21  2:38  Photon Cannon  
  21  2:44  Photon Cannon  
  21  2:52  Warp Gate (Chrono Boost)  
  21  2:55  Probe (Chrono Boost)  
  22  2:58  Adept  
  24  3:11  Gateway  
  24  3:15  Adept  
  26  3:30  Twilight Council  
  26  3:31  Adept  
  28  3:39  Protoss Ground Armor Level 1  
  28  3:52  Adept  
  30  4:06  Resonating Glaives (Chrono Boost)  
  30  4:19  Gateway  
  30  4:24  Robotics Facility  
  30  4:25  Pylon  
  30  4:56  Adept x3  
  30  5:28  Warp Prism (Chrono Boost)  
  30  5:32  Adept  
  30  5:33  Adept x3  
  40  5:42  Protoss Ground Weapons Level 1 (Chrono Boost)  
  44  6:04  Immortal (Chrono Boost)  
  42  6:36  Adept x2  
  46  6:55  Pylon x2  
  46  7:02  Observer (Chrono Boost), Pylon  
  46  7:04  Nexus  
  47  7:21  Observer (Chrono Boost), Stalker x3  
  54  7:25  Stalker  
  58  7:52  Immortal (Chrono Boost)  
  58  7:53  Stalker  
  60  8:04  Probe  
  61  8:16  Probe  
  61  8:17  Stalker  
  64  8:26  Observer (Chrono Boost)  
  65  8:28  Probe  
  66  8:39  Stalker x2  
  66  8:40  Stalker  
  72  8:51  Blink (Chrono Boost)  
  72  8:58  Stalker  
  74  9:20  Probe  
  74  9:22  Probe  
  75  9:25  Immortal (Chrono Boost)  
  77  9:36  Stalker  
  77  9:37  Stalker  
  81  9:48  Dark Shrine  
  81  9:52  Probe  
  81  9:54  Probe  
  81  9:59  Observer  
  84  10:06  Protoss Ground Weapons Level 2  
  84  10:16  Stalker  
  86  10:24  Assimilator  
  86  10:26  Assimilator  
  86  10:27  Pylon  
  86  10:40  Probe  
  86  10:41  Probe, Observer  
  79  11:03  Observer  
  79  11:19  Probe  
  79  11:20  Probe  
  79  11:24  Observer  
  82  11:32  Probe  
  83  11:36  Dark Templar  
  83  11:37  Dark Templar  
  87  11:46  Observer  
  85  12:07  Observer  
  70  12:44  Stalker x3  
  70  12:45  Stalker  
  78  12:59  Gateway  
  78  13:01  Gateway x2  
  78  13:03  Pylon  
  78  13:07  Pylon  
  78  13:08  Probe  
  78  13:09  Probe  
  78  13:12  Gateway  
  80  13:13  Gateway  
  80  13:18  Probe  
  80  13:19  Protoss Ground Weapons Level 3  
  80  13:21  Probe  
  78  13:42  Stalker  
  78  13:43  Stalker  
  82  14:01  Immortal  
  86  14:13  Dark Templar  
  88  14:53  Nexus  
  88  14:54  Pylon  
  88  14:56  Pylon  
  88  15:10  Dark Templar x3  
  88  15:11  Dark Templar  
  88  15:32  Stalker  
  88  15:33  Stalker  
  88  15:34  Stalker x2  
  92  15:56  Protoss Ground Armor Level 2  
  92  16:00  Probe  
  92  16:01  Probe  
  94  16:10  Probe  
  94  16:13  Probe  
  96  16:21  Probe  
  97  16:30  Nexus  
  52  16:51  Adept x3  
  52  16:53  Stalker x4  
  58  16:54  Stalker  
  59  17:12  Stalker x3  
  55  17:26  Adept x2  
  55  17:27  Adept  
  55  17:39  Adept x4  
  63  18:08  Zealot  
  63  18:09  Zealot x5  
  63  18:10  Zealot  
  63  18:12  Zealot  
  79  18:20  Charge (Chrono Boost)  
  79  18:36  Stalker  
  79  18:37  Stalker x2  
  85  18:45  Dark Templar  
  85  18:46  Dark Templar  
  89  18:50  Archon  
  58  19:55  Zealot x3  
  58  19:56  Zealot x4  
  58  19:57  Zealot x2  
  76  20:09  Immortal  
  80  20:17  Nexus  
  80  20:19  Dark Templar x4  
  80  20:20  Dark Templar  
  90  20:23  Archon x2  
  90  20:30  Dark Templar  
  90  20:34  Archon  
  92  20:36  Zealot x2  
  96  20:48  Immortal  
  100  20:58  Protoss Shields Level 1  
  64  21:49  Stalker x5  
  68  22:05  Zealot  
  68  22:06  Zealot x2  
  68  22:07  Zealot  
  76  22:12  Probe x2  
  76  22:14  Probe  
  79  22:18  Assimilator  
  79  22:22  Assimilator  
  79  22:23  Probe  
  79  22:27  Zealot x5  
  79  22:28  Zealot x4  
  98  22:36  Robotics Bay  
  98  22:39  Pylon, Assimilator  
  98  22:40  Pylon  
  98  22:41  Assimilator  
  98  22:57  Protoss Ground Armor Level 3 (Chrono Boost)  
  72  23:41  Stalker x2  
  72  23:42  Stalker x2  
  72  23:43  Zealot x2  
  72  23:44  Zealot x3  
  64  24:07  Zealot x4  
  64  24:08  Zealot x2  
  64  24:09  Zealot  
  78  24:15  Nexus  
  78  24:17  Pylon  
  78  24:20  Pylon  
  78  24:26  Warp Prism  
  80  24:33  Zealot x3  
  80  24:34  Zealot  
  88  24:57  Stalker  
  88  24:58  Stalker x3  
  94  25:10  Stalker  
  96  25:20  Zealot  
  96  25:21  Zealot x3  
  102  25:49  Zealot x4  
  106  25:50  Stalker  
  106  25:51  Stalker x2  
  112  25:57  Probe  
  112  25:58  Probe  
  112  26:02  Stalker x2  
  118  26:10  Stalker x2  
Show
View Real Time Build Order
Export as new Build Order

capac Terran 

Build Orders: MMM Bio 

Get SALT Encoding   

  12  0:00  SCV  
  13  0:13  SCV  
  14  0:19  Supply Depot  
  14  0:25  SCV  
  15  0:40  SCV  
  15  0:42  Barracks  
  16  0:49  Refinery  
  16  0:53  SCV  
  17  1:05  SCV  
  18  1:17  SCV  
  19  1:29  Marine  
  19  1:32  Barracks  
  20  1:41  SCV  
  20  1:47  Marine  
  22  1:59  Supply Depot  
  22  2:23  Factory  
  22  2:35  Barracks Tech Lab  
  22  2:39  SCV  
  22  2:40  Command Center  
  23  2:49  Marine  
  24  2:55  Stimpack  
  24  2:59  Refinery  
  24  3:06  Orbital Command  
  24  3:07  Marine  
  24  3:11  Marine  
  26  3:24  Starport  
  26  3:42  Marine  
  26  3:44  SCV  
  26  3:47  Barracks Reactor  
  28  3:49  Factory Reactor  
  28  3:54  Orbital Command  
  28  3:58  SCV  
  29  4:08  Barracks  
  29  4:10  SCV  
  29  4:12  Marine  
  31  4:20  SCV  
  32  4:38  Marine x2  
  32  4:39  Marine  
  32  4:43  Medivac x2  
  32  4:45  SCV x2, Factory Reactor  
  41  4:56  Supply Depot, Marine x2  
  43  5:00  Barracks Reactor  
  43  5:04  Engineering Bay  
  43  5:05  SCV x2  
  45  5:12  Combat Shields  
  38  5:23  Marine  
  38  5:24  Marine x2  
  38  5:27  SCV x2  
  42  5:41  Marine x2  
  44  5:43  Medivac, Command Center  
  44  5:45  Marine x2  
  44  5:46  Marine  
  44  5:49  Terran Infantry Weapons Level 1  
  49  5:56  Supply Depot  
  49  6:03  Marine x2  
  51  6:05  SCV x2  
  51  6:06  Liberator  
  43  6:24  Widow Mine  
  45  6:27  Marine x4  
  39  6:43  Marine  
  39  6:45  Marine  
  41  6:49  Orbital Command  
  41  7:00  Liberator x2  
  41  7:03  Marine x2  
  41  7:04  Marine x2  
  45  7:18  Factory Tech Lab  
  51  7:27  SCV  
  51  7:28  SCV  
  51  7:29  SCV  
  51  7:52  Siege Tank  
  53  8:44  Supply Depot  
  53  8:50  Liberator x2  
  53  8:53  Siege Tank  
  53  8:54  Marine x5  
  66  9:34  Siege Tank  
  66  9:36  Liberator  
  69  9:43  Missile Turret  
  69  9:48  Orbital Command  
  69  9:55  SCV  
  69  9:56  SCV  
  74  10:08  SCV x2  
  76  10:18  SCV  
  77  10:31  Supply Depot  
  77  10:32  Supply Depot  
  77  10:38  Marine x2  
  77  10:39  SCV  
  77  10:52  Marine x2  
  77  10:56  Marine x2  
  81  11:06  Siege Tank  
  81  11:07  SCV  
  86  11:14  Orbital Command  
  85  11:19  SCV x2  
  87  11:30  Marine x2  
  87  11:31  Marine x2, SCV x2  
  93  11:37  Barracks  
  93  11:39  Barracks  
  93  11:40  Supply Depot  
  93  11:42  Supply Depot  
  93  11:45  Marine, SCV x2  
  91  11:57  SCV  
  92  12:04  Missile Turret  
  78  12:45  Marine x5  
  83  12:58  Siege Tank  
  86  13:02  Barracks Reactor  
  86  13:03  Marine  
  86  13:04  Marauder, Marine x3  
  92  13:08  SCV x3  
  92  13:10  Supply Depot  
  95  13:20  SCV  
  89  13:47  Marine x2  
  89  13:48  Marine x5  
  93  13:49  Marauder  
  93  13:52  SCV x2  
  93  13:53  SCV  
  101  14:01  Refinery  
  101  14:04  SCV, Missile Turret  
  101  14:05  SCV x2  
  104  14:11  Marine x6  
  104  14:12  Marine  
  104  14:13  Marauder  
  104  14:15  Medivac  
  114  14:42  Missile Turret  
  114  15:12  Missile Turret  
  114  15:18  Orbital Command  
  112  15:38  Marine x4  
  112  15:39  Marine x3  
  112  15:40  Marauder  
  121  15:46  Terran Infantry Armor Level 1  
  121  15:50  Armory  
  121  15:52  Engineering Bay  
  121  15:55  Medivac x2  
  125  16:14  Command Center  
  125  16:18  Missile Turret  
  125  16:26  Refinery  
  125  16:27  Refinery  
  125  16:30  Starport  
  87  16:51  Marine x4  
  87  16:52  Marine x3  
  87  16:53  Marauder  
  96  16:56  Marine  
  96  16:58  Medivac  
  96  16:59  Medivac  
  96  17:00  Siege Tank  
  104  17:09  Marine x6  
  104  17:10  Marine  
  104  17:13  Marine x2  
  104  17:26  Marine  
  104  17:27  Marine  
  104  17:28  Marine x4  
  104  17:29  Marine  
  107  17:30  Starport Reactor  
  107  17:32  Marauder, Siege Tank  
  107  17:34  Starport  
  110  17:48  SCV x2  
  110  17:49  Marine x2, SCV  
  115  17:53  Refinery  
  115  18:08  Marauder  
  117  18:31  Marine x6  
  117  18:32  SCV x2  
  117  18:33  SCV  
  126  18:37  Supply Depot  
  126  18:42  Supply Depot, Planetary Fortress  
  126  18:59  Terran Infantry Weapons Level 2, Terran Ship Weapons Level 1  
  126  19:01  Terran Infantry Armor Level 2  
  126  19:03  Marine x2  
  104  19:32  Marine  
  104  19:33  Marine x4  
  93  20:02  SCV  
  93  20:03  SCV  
  95  20:09  Liberator x3  
  95  20:10  Liberator  
  95  20:15  Orbital Command, SCV x2  
  95  20:20  Starport Tech Lab  
  97  20:22  Starport Tech Lab  
  97  20:24  Starport Reactor  
  97  20:25  Marine x6  
  115  20:31  Marine  
  116  20:48  Missile Turret  
  116  20:51  Marine x5  
  116  20:52  Marine x3  
  124  21:09  Medivac  
  116  21:23  Marine x2  
  116  21:24  Marine x3  
  72  21:59  SCV x2  
  72  22:00  Marine x4, Command Center  
  78  22:11  SCV  
  78  22:14  SCV  
  80  22:18  Liberator  
  80  22:19  Liberator  
  80  22:23  SCV  
  82  22:30  SCV  
  82  22:35  SCV  
  89  22:50  Liberator x2  
  89  23:06  Command Center  
  68  23:48  Marine x4  
  65  23:49  Marine x5  
  73  24:08  Marine x7  
  80  24:16  SCV  
  81  24:37  Marine  
  81  24:38  Marine x3  
  85  25:11  Marine x6  
  85  25:12  Marine  
  92  25:16  Concussive Shells  
  91  25:27  SCV x2  
  90  26:05  Marauder, Marine  
  90  26:06  Marine x4  
  103  26:17  Orbital Command  
Tags
 
Composition
MMM Bio
League
GoldGold
Matchup
PvT
Add a new tag
Caveats
  • Supply blocks, unpowered buildings, or Contaminate may cause inaccurate times.
  • Supply counts are checked every 10 seconds.